Map: Acropolis EC

Players

IA (très facile)

  • Race: Protoss Protoss
  • Spawn Location: 11:00

VelocyPastor - Winner!

  • Race: Protoss Protoss
  • Spawn Location: 5:00

VOD

Have the link to the VOD?

Description

Time

  • Played on: Oct. 2, 2020, 10:39 a.m.
  • Length: 11:13
Show
View Real Time Build Order
Export as new Build Order

IA (très facile) Protoss 

Build Orders:  

Get SALT Encoding   

  12  0:00  Probe  
  13  0:13  Probe  
  14  0:19  Pylon  
  14  0:37  Assimilator  
  14  0:43  Gateway  
  14  0:45  Pylon  
  14  1:14  Assimilator  
  14  1:17  Probe  
  15  1:25  Probe  
  16  1:33  Cybernetics Core, Probe  
  17  1:44  Probe  
  18  1:56  Probe  
  18  1:59  Warp Gate  
  19  2:04  Probe  
  20  2:11  Stalker  
  22  5:17  Zealot  
  22  5:19  Pylon, Probe  
  22  5:20  Robotics Facility  
  25  5:27  Probe  
  25  5:35  Probe  
  27  5:45  Probe  
  28  5:53  Pylon  
  28  5:57  Probe  
  29  6:06  Observer  
  30  6:12  Zealot  
  32  6:21  Observer  
  33  7:06  Nexus  
  33  7:17  Stalker  
  32  7:57  Stalker  
  34  8:01  Pylon  
  28  8:14  Probe  
  29  8:22  Probe  
  29  8:26  Zealot  
  32  8:30  Probe  
  30  8:40  Probe  
  26  8:52  Probe  
  26  8:54  Stalker  
  21  8:59  Pylon  
  12  9:04  Probe  
  5  9:16  Probe  
  3  9:21  Nexus  
  3  9:23  Stalker  
  5  9:27  Assimilator  
  5  9:30  Assimilator  
  5  9:41  Pylon  
  2  9:52  Zealot  
  4  9:58  Robotics Facility  
Show
View Real Time Build Order
Export as new Build Order

VelocyPastor Protoss - Winner!

Build Orders: 1 Gate Expand 

Get SALT Encoding   

  12  0:00  Probe  
  13  0:12  Probe  
  14  0:19  Pylon  
  14  0:24  Probe (Chrono Boost)  
  15  0:37  Probe (Chrono Boost)  
  15  0:42  Gateway  
  16  0:44  Probe  
  17  0:56  Probe  
  18  0:58  Assimilator  
  18  1:08  Probe  
  19  1:24  Nexus  
  19  1:33  Pylon  
  19  1:34  Probe (Chrono Boost)  
  20  1:45  Probe (Chrono Boost)  
  20  1:47  Assimilator  
  21  1:50  Probe (Chrono Boost)  
  21  1:52  Assimilator  
  22  2:02  Cybernetics Core  
  22  2:05  Probe (Chrono Boost)  
  23  2:12  Assimilator  
  23  2:18  Probe (Chrono Boost)  
  24  2:25  Probe (Chrono Boost)  
  25  2:39  Warp Gate (Chrono Boost)  
  25  2:45  Assimilator  
  25  2:47  Assimilator, Probe x2  
  27  2:55  Stalker  
  29  2:59  Probe x2  
  31  3:11  Probe x2  
  33  3:23  Probe x2 (Chrono Boost)  
  35  3:34  Pylon  
  35  3:35  Probe (Chrono Boost)  
  37  3:41  Probe (Chrono Boost)  
  37  3:44  Probe (Chrono Boost)  
  37  3:45  Robotics Facility  
  37  3:47  Robotics Facility  
  39  3:48  Twilight Council  
  39  3:49  Probe (Chrono Boost)  
  39  3:53  Pylon  
  39  3:54  Probe (Chrono Boost)  
  40  4:00  Stalker  
  44  4:04  Probe (Chrono Boost)  
  44  4:05  Probe (Chrono Boost)  
  44  4:19  Pylon  
  44  4:21  Pylon  
  44  4:26  Blink  
  44  4:29  Forge  
  44  4:34  Robotics Bay  
  44  4:54  Stalker  
  46  5:04  Probe (Chrono Boost)  
  46  5:05  Probe (Chrono Boost)  
  50  5:14  Protoss Ground Weapons Level 1, Probe (Chrono Boost)  
  50  5:15  Probe (Chrono Boost)  
  50  5:23  Disruptor (Chrono Boost)  
  56  5:33  Pylon, Disruptor (Chrono Boost)  
  56  5:39  Stargate  
  56  5:44  Stalker  
  58  5:51  Probe  
  58  5:54  Probe  
  63  5:58  Disruptor (Chrono Boost)  
  63  5:59  Disruptor (Chrono Boost)  
  66  6:16  Gateway  
  66  6:18  Gateway  
  66  6:20  Gateway  
  66  6:22  Sentry  
  66  6:23  Gateway  
  66  6:24  Pylon  
  70  6:35  Observer x2  
  70  6:38  Oracle  
  73  6:46  Sentry  
  75  7:21  Stalker x2  
  75  7:22  Stalker x3, Protoss Ground Weapons Level 2 (Chrono Boost)  
  81  8:29  Warp Prism  
  81  10:00  Stalker  
  81  10:01  Stalker x4  
  91  10:36  Stalker  
  93  10:49  Pylon  
  93  10:52  Pylon  
  93  10:54  Pylon  
  93  10:58  Pylon  
  93  11:01  Pylon  
  93  11:03  Pylon  
Tags
 
Matchup
PvP
Spawn Locations
Cross Positions
Add a new tag
Caveats
  • Supply blocks, unpowered buildings, or Contaminate may cause inaccurate times.
  • Supply counts are checked every 10 seconds.